 Dungeon Crawl Stone Soup version 0.30-a0-1075-gcd70e7a56d (webtiles) character file.

Game seed: 16260140087580153249

72 gelatine the Covered (level 4, -1/35 HPs)
             Began as a Demonspawn Fighter on Apr 15, 2023.
             Slain by an adder (3 damage)
             ... in a sewer.
             The game lasted 00:04:20 (1780 turns).

gelatine the Covered (Demonspawn Fighter)           Turns: 1780, Time: 00:04:21

Health: -1/35      AC:  5    Str: 15 (18) XL:     4   Next: 6%
Magic:  4/4        EV: 10    Int:  6 (9)  God:
Gold:   72         SH:  4    Dex: 12 (13) Spells: 3/3 levels left

rFire   . . .      SeeInvis .    a - +0 war axe
rCold   . . .      Faith    .    c - +0 buckler
rNeg    . . .      Spirit   .    p - +0 ring mail
rPois   +          Reflect  .    (no helmet)
rElec   .          Rampage  .    i - scarf {repulsion}
rCorr   .                        (no gloves)
Will    .....                    (no boots)
Stlth   +                        (no amulet)
HPRegen 0.25/turn                (no ring)
MPRegen 0.09/turn                (no ring)

@: mighty, brilliant, invisible, repel missiles
A: powered by pain 1, poison resistance, evolution 1
a: no special abilities


You were in a sewer.
You visited 1 branch of the dungeon, and saw 3 of its levels.
You also visited: Sewer.

You collected 72 gold pieces.

Inventory:

Hand Weapons
 a - a +0 war axe (weapon)
Missiles
 g - 3 boomerangs (quivered)
Armour
 b - a +0 scale mail
 c - a +0 buckler (worn)
 i - a scarf of repulsion (worn)
 p - a +0 ring mail (worn)
Scrolls
 o - a scroll of teleportation {unknown}


   Skills:
 * Level 3.2 Fighting
 * Level 2.3 Axes
 * Level 0.3 Throwing
 * Level 3.3 Armour
 * Level 0.6 Dodging
 * Level 0.3 Stealth
 * Level 3.0 Shields
 * Level 0.4 Spellcasting


You had 3 spell levels left.
You didn't know any spells.
Your spell library contained the following spells:

 Spells                   Type           Power      Damage    Failure   Level
 Sublimation of Blood     Necr           0%         N/A       88%         2
 Wereblood                Tmut           0%         N/A       88%         2
 Summon Hydra             Summ           0%         N/A       100%        7


Dungeon Overview and Level Annotations

Branches:
Dungeon (3/15)              Sewer (1/1)

Altars:


Innate Abilities, Weirdness & Mutations

You sometimes gain a little power by taking damage.
Your system is resistant to poisons. (rPois)
You have hidden genetic potential.


Message History

You feel weakened.
You feel dopey.
You feel clumsy.
You feel sick. The adder bites you but does no damage. The river rat bites you!
* * * LOW HITPOINT WARNING * * *
The giant cockroach bites you but does no damage.
It was a potion of mutation.
You feel extremely strange.
You feel resistant to poisons.
You feel a hidden potential growing inside you.
You feel sick. You block the adder's attack.
The giant cockroach bites you but does no damage.
The river rat misses you. The adder bites you.
* * * LOW HITPOINT WARNING * * *
You feel better.
The giant cockroach bites you but does no damage.
You block the river rat's attack. The adder bites you but does no damage.
You block the giant cockroach's attack.
Unknown command.
It was a potion of brilliance.
You feel clever all of a sudden. The adder barely misses you.
The river rat bites you but does no damage.
The giant cockroach bites you but does no damage.
You fade into invisibility!
The adder bites you but does no damage. You block the river rat's attack.
The giant cockroach bites you but does no damage.
The adder barely misses you.
You feel very mighty all of a sudden. You block the river rat's attack.
The giant cockroach barely misses you. The adder bites you.
* * * LOW HITPOINT WARNING * * *
You slash the giant cockroach!
You kill the giant cockroach!
You hit the river rat. You miss the adder. The adder bites you.
* * * LOW HITPOINT WARNING * * *
The river rat bites you but does no damage.
The rat barely misses you. The adder barely misses you.
The river rat bites you.
* * * LOW HITPOINT WARNING * * *
You closely miss the rat. You closely miss the adder.
You closely miss the river rat. The adder bites you.
You die...

..# ~.# ..# ..#
~.# ###########.~#
#~...~.~~.rr.#
#.~..~~~~.@S.#
#.~###########
#..# ####### #.†#
#≈≈≈≈≈#
#.~#########≈~∩.≈#
#...~~~........~≈#
#..~~~.~..~...~.≈#
############≈~∩~≈#
#≈≈≈≈≈#


You could see an adder (unable to see you), a river rat (unable to see you) and
a rat (unable to see you).

Vanquished Creatures
  2 adders
  A river rat (D:3)
  A worm (Sewer)
  6 ball pythons
  2 endoplasms
  4 giant cockroaches
  5 goblins
  2 hobgoblins
  3 jackals (D:2)
  A quokka (D:1)
  4 bats
  2 frilled lizards (D:1)
  A kobold (D:2)
  5 rats
39 creatures vanquished.

Notes
Turn   | Place    | Note
-------+----------+-------------------------------------------
     0 | D:1      | gelatine the Demonspawn Fighter began the quest for the
                  | Orb.
     0 | D:1      | Reached XP level 1. HP: 18/18 MP: 1/1
   548 | D:1      | Gained mutation: You sometimes gain a little power by
                  | taking damage. [demonic ancestry]
   548 | D:1      | Reached XP level 2. HP: 23/24 MP: 2/2
  1068 | D:2      | Reached XP level 3. HP: 21/29 MP: 3/3
  1696 | D:3      | Found a glowing drain.
  1713 | Sewer    | Entered a sewer
  1771 | Sewer    | Reached XP level 4. HP: 14/35 MP: 4/4
  1774 | Sewer    | Gained mutation: Your system is resistant to poisons.
                  | (rPois) [potion of mutation]
  1774 | Sewer    | Gained mutation: You have hidden genetic potential. [potion
                  | of mutation]
  1780 | Sewer    | Slain by an adder

Illustrated notes

Levels and vault maps discovered:
D:1:      roderic_lyre, layout_loops_ring, wander_ebering_terrifying_dragon_lair
D:2:      layout_loops_cross, minivault_19
D:3:      layout_loops_corners, nicolae_ru_awakened_eye,
          hellmonk_ecumenical_altar_arch_garden, portal_sewer_entry_a
Sewer:    sewer_hellmonk_slimy_pipes

Skill      XL: |  1  2  3 |
---------------+----------+-----
Armour         | 3 |  3.3
Axes           | 2 |  2.3
Shields        | 3 |  3.0
Fighting       | |  3.2
Throwing       | |  0.3
Dodging        | |  0.6
Stealth        | |  0.3
Spellcasting   | |  0.4

Action                     |  1- 3 |  4- 6 || total
---------------------------+-------+-------++-------
  Melee: War axe           |   100 |     3 ||   103
  Throw: Boomerang         |     2 |       ||     2
    Use: Scroll            |     4 |       ||     4
         Potion            |       |     7 ||     7
 Armour: Scale mail        |    47 |       ||    47
         Ring mail         |    21 |    11 ||    32
  Dodge: Dodged            |    59 |     9 ||    68
  Block: Buckler           |    27 |     6 ||    33

Table legend: (Time is in decaauts)
 A = Elapsed time spent in this place.
 B = Non-inter-level travel time spent in this place.
 C = Inter-level travel time spent in this place.
 D = Time resting spent in this place.
 E = Time spent auto-exploring this place.
 F = Levels seen in this place.
 G = Mean time per level.
                   A        B        C        D        E       F      G
               +--------+--------+--------+--------+--------+-----+--------+
         Total |   1832 |   1711 |    121 |      0 |   1281 |   4 |  458.0 |
       Dungeon |   1754 |   1633 |    121 |      0 |   1245 |   3 |  584.7 |
         Sewer |     77 |     77 |      0 |      0 |     36 |   1 |   77.0 |
               +--------+--------+--------+--------+--------+-----+--------+

Top non-repeatable levels by time:
     D:1: 953 daAuts
     D:2: 710 daAuts
     D:3: 90 daAuts
   Sewer: 77 daAuts
